 Dungeon Crawl Stone Soup version 0.20-a0-972-gb9bd3e6 (webtiles) character file.

106921 Multipenetrator the Impaler (level 16, -6/145 HPs)
             Began as a Hill Orc Monk on Apr 6, 2017.
             Was the Champion of Beogh.
             Killed from afar by a merfolk aquamancer (41 damage)
             ... with a torrent of water
             ... on level 4 of the Shoals on Apr 9, 2017.
             The game lasted 07:11:07 (29340 turns).

Multipenetrator the Impaler (Hill Orc Monk)        Turns: 29340, Time: 07:11:15

Health: -6/145     AC: 26    Str: 19    XL:     16   Next: 45%
Magic:  25/25      EV: 12    Int: 14    God:    Beogh [******]
Gold:   1530       SH: 20    Dex: 18    Spells: 15/15 levels left

rFire    . . .     SeeInvis .   t - +7 trident "Giant's Death" {drain, Int+4}
rCold    . . .     Gourm    .   y - +0 shield {reflect}
rNeg     . . .     Faith    .   i - +0 plate armour
rPois    +         Spirit   .   Z - +0 helmet
rElec    .         Reflect  +   p - +1 cloak {rPois}
rCorr    .         Harm     .   u - +2 pair of gloves {Dex+3}
MR       ++...                  R - +0 pair of boots {run}
Stlth    ..........             D - +2 amulet of reflection
Regen    0.4/turn               N - ring of protection from magic
MPRegen  0.2/turn               q - +3 ring of evasion

@: engulfed (cannot breathe), quick
A: walk on water, claws 1, large bone plates 1, agile 1, weak 1
a: Smiting, Recall Orcish Followers, Give Item to Named Follower, Resurrection,
Renounce Religion


You were on level 4 of the Shoals.
You worshipped Beogh.
Beogh was exalted by your worship.
You were not hungry.

You visited 5 branches of the dungeon, and saw 28 of its levels.
You also visited: Sewer and Ice Cave.

You collected 2495 gold pieces.
You spent 965 gold pieces at shops.

Inventory:

Hand Weapons
 b - a +1 double sword of holy wrath
 t - the +7 trident "Giant's Death" (weapon) {drain, Int+4}
   (You bought it in a shop on level 2 of the Orcish Mines)

   A truly terrible weapon, it drains the life of those it strikes.
   It affects your intelligence (+4).
Missiles
 K - 5 throwing nets (quivered)
Armour
 i - a +0 plate armour (worn)
 p - a +1 cloak of poison resistance (worn)
 u - a +2 pair of gloves of dexterity (worn)
 x - a scarf of spirit shield
 y - a +0 shield of reflection (worn)
 R - a +0 pair of boots of running (worn)
 Z - a +0 helmet (worn)
Jewellery
 q - a +3 ring of evasion (right hand)
 v - an uncursed ring of protection from fire
 D - a +2 amulet of reflection (around neck)
 N - a ring of protection from magic (left hand)
 S - an uncursed ring of protection from cold
 U - an uncursed ring of protection from fire
Wands
 o - a wand of acid (4/15)
 w - a wand of iceblast (11/15)
 z - a wand of acid (8/15)
 B - a wand of scattershot (4/9)
 C - a wand of lightning (7/15)
 F - a wand of digging (7/24)
 G - a wand of acid (9/15)
 H - a wand of lightning (2/15)
Scrolls
 a - 4 scrolls of magic mapping
 c - 13 scrolls of teleportation
 d - 8 scrolls of remove curse
 g - a scroll of summoning
 h - 2 scrolls of blinking
 j - 4 scrolls of fog
 m - 7 scrolls of recharging
 M - a scroll of silence
 O - a scroll of fear
 P - 2 scrolls of enchant weapon
 V - a scroll of identify
Potions
 e - 2 potions of haste
 l - 4 potions of curing
 n - 5 potions of heal wounds
 A - 3 potions of invisibility
 E - 4 potions of mutation
 I - 3 potions of ambrosia
 L - a potion of agility
 X - a potion of magic
 Y - a potion of might
Books
 J - a book of Ice

   Spells                             Type                      Level
   a - Ice Form                       Ice/Transmutation            4
   b - Metabolic Englaciation         Hexes/Ice                    5
   c - Ozocubu's Refrigeration        Ice                          6
   d - Bolt of Cold                   Conjuration/Ice              6
   e - Freezing Cloud                 Conjuration/Ice/Air          6
   f - Simulacrum                     Ice/Necromancy               6
Miscellaneous
 f - a lamp of fire
 W - a phial of floods
Comestibles
 k - 24 royal jellies
 r - 7 bread rations
 s - 4 chunks of flesh
 Q - 9 meat rations
 T - 2 fruits


   Skills:
 + Level 13.8 Fighting
 + Level 2.1 Long Blades
 + Level 15.5(15.6) Polearms
   Level 1.3(9.0) Staves
 + Level 0.3 Throwing
 * Level 14.2 Armour
 + Level 3.9 Dodging
 - Level 3.2 Stealth
 - Level 15.0 Shields
 + Level 12.9 Invocations
 + Level 2.6 Evocations


You had 15 spell levels left.
You didn't know any spells.

Dungeon Overview and Level Annotations

Branches:
Dungeon (15/15)            Temple (1/1) D:5            Lair (6/6) D:10
 Shoals (4/4) Lair:3        Snake (0/4) Lair:4        Slime (0/5) Lair:6
    Orc (2/2) D:12            Elf (0/3) Orc:2        Depths (0/5) D:15
 Vaults: D:13-14

Altars:
Ashenzari
Cheibriados
Dithmenos
Elyvilon
Fedhas
Gozag
Hepliaklqana
Kikubaaqudgha
Makhleb
Nemelex Xobeh
Okawaru
Qazlal
Ru
Sif Muna
Trog
Uskayaw
Vehumet
Wu Jian
Xom
Yredelemnul
Zin
The Shining One
Beogh

Shops:
D:13 ((?   D:15 [   Orc:2 [[([

Annotations:
D:2 exclusion: oklob plant
D:8 exclusion: 2 doors
D:9 exclusion: door


Innate Abilities, Weirdness & Mutations

You can walk on water.
You have sharp fingernails.
You are partially covered in large bone plates. (SH +4)
You are agile. (Dex +2)
You are weak. (Str -2)


Message History

You block the water elemental's attack.
The manticore flicks its tail.
The volley of spikes hits Beowulf.
You barely miss the merfolk.
The merfolk is almost dead.
* * * LOW HITPOINT WARNING * * *
Your lungs strain for air!
The merfolk hits you with a trident.
* * * LOW HITPOINT WARNING * * *
Beowulf hits the manticore with an uncursed dire flail!
Horkud barely misses the manticore.
The water elemental completely misses you.
You hit the merfolk. You drain the merfolk!
The merfolk is almost dead.
* * * LOW HITPOINT WARNING * * *
Your lungs strain for air!
The merfolk aquamancer points at you and mumbles some strange words.
The torrent of water passes through the water elemental.
The torrent of water hits you!
You die...

..≈≈≈≈.≈≈≈≈≈≈≈.
#.≈≈≈≈≈≈≈≈≈≈≈≈#
†)≈≈≈≈≈≈≈≈..H#
.≈≈≈†≈≈≈≈≈oo%#
≈≈≈≈≈≈≈...ooo#
≈≈≈≈≈≈≈....≈≈# .
≈≈≈≈≈≈≈≈.$oo≈## ...
≈≈≈(≈≈....)oo≈#####.....
≈≈≈≈≈≈≈#####oooo@m......
≈≈≈≈≈.## ##≈Ho.E......
.≈≈≈≈.# #≈≈≈≈.......
.≈≈≈≈≈# .'..≈≈≈.≈m...
≈≈≈≈≈≈# ...#...≈≈....#.
≈≈≈≈≈≈# .≈≈##...≈≈......
.≈≈≈≈≈≈ ### ≈..≈≈≈≈≈..H.
≈≈≈≈≈≈≈≈≈....


You could see a merfolk aquamancer, a merfolk, 2 manticores, a water elemental,
the friendly Horkud the orc warlord, the friendly Ogrik the orc warlord, a
friendly orc knight, the friendly Beowulf the orc knight, the friendly Brandogh
the orc knight, the friendly Murdo the orc knight, the friendly Nordag the orc
knight, the friendly Spirok the orc knight and the friendly Zorug the orc
knight.

Vanquished Creatures
  Frances (Shoals:2)
  A frost giant (IceCv)
  Azrael (D:15)
  Snorg (D:12)
  2 merfolk impalers (Shoals:2)
  3 hydras
  3 merfolk aquamancers
  3 two-headed ogres
  2 death yaks (Lair:3)
  An orc high priest (Orc:2)
  3 sea snakes
  2 unseen horrors (D:15)
  A wizard (D:13)
  The ghost of kaze the Cutter, a novice KoWr of Fedhas (D:6)
  6 harpies
  An orc sorcerer (Orc:2)
  A faun (Shoals:3)
  A deep elf mage (D:14)
  5 manticores
  3 ugly things (D:15)
  2 merfolk sirens
  3 water nymphs
  An ice statue (IceCv)
  3 elephants (Lair:4)
  Joseph (D:7)
  Maurice (D:12)
  4 spiny frogs
  A torpor snail (Lair:6)
  2 kobold demonologists (D:13)
  2 rime drakes (IceCv)
  A komodo dragon (Lair:3)
  5 trolls
  Grinder (D:4)
  20 polar bears
  7 merfolk
  A polar bear (shapeshifter) (D:8)
  2 slime creatures
  A meliai (Lair:5)
  4 hornets (Lair:6)
  3 wind drakes
  A snapping turtle (Shoals:1)
  2 blink frogs (Lair:3)
  6 dream sheep
  2 hippogriffs
  14 spriggans
  2 water elementals (Shoals:2)
  2 wraiths
  20 yaks
  A vampire (D:15)
  A wyvern (D:11)
  2 fire elementals (D:15)
  A human (D:2)
  A hungry ghost (D:8)
  2 vampire mosquitoes
  A naga (Lair:4)
  A porcupine (Lair:1)
  3 water moccasins
  2 acid dragons (D:15)
  3 hell hounds (D:15)
  A phantom (D:6)
  An eye of draining (D:15)
  9 orc warriors
  6 ice beasts
  2 necrophages (D:9)
  5 black bears
  10 ogres
  3 sky beasts
  27 wolves
  3 boggarts (Lair:6)
  7 centaurs
  4 crocodiles
  2 big kobolds
  6 bullfrogs
  5 scorpions
  A wyvern skeleton (D:11)
  13 killer bees
  16 wights
  2 electric eels (D:10)
  4 crimson imps
  8 hounds
  A bullfrog zombie (D:9)
  3 orc priests
  7 jellies
  A gnoll shaman (D:8)
  A quasit (D:12)
  3 centaur skeletons
  3 bullfrog skeletons
  13 orc wizards
  6 iguanas
  11 worker ants
  A killer bee zombie (D:7)
  A hound zombie (D:8)
  A hound skeleton (D:5)
  A mummy (D:9)
  A howler monkey zombie (D:9)
  3 worker ant zombies
  9 gnolls
  8 adders
  A howler monkey skeleton (D:4)
  A river rat (D:3)
  An ooze (D:3)
  An adder zombie (D:6)
  An adder skeleton (D:4)
  A worm (D:2)
  3 dart slugs (D:3)
  6 leopard geckos
  39 orcs
  3 ball pythons
  7 giant cockroaches
  13 hobgoblins
  14 jackals
  21 kobolds
  A quokka (D:5)
  9 bats
  6 frilled lizards
  11 goblins
  A jackal skeleton (D:2)
  A quokka zombie (D:8)
  8 rats
  A fungus (Lair:2)
  4 plants
  2 tentacles (Shoals:1)
539 creatures vanquished.

Vanquished Creatures (collateral kills)
  2 krakens
  Donald (Orc:2)
  Roxanne (Shoals:1)
  Ilsuiw (Shoals:4)
  A stone giant (Orc:1)
  A dire elephant (D:15)
  2 merfolk javelineers (Shoals:4)
  2 merfolk impalers
  Josephine (Lair:4)
  Erolcha (Orc:2)
  4 hydras
  7 two-headed ogres
  An alligator snapping turtle (Shoals:1)
  A satyr (Shoals:4)
  A centaur warrior (D:15)
  4 death yaks (Lair:3)
  3 orc high priests (Orc:2)
  3 sea snakes
  An unseen horror (D:15)
  2 orc knights (Orc:2)
  A wolf spider (D:15)
  6 harpies
  7 manticores
  8 ugly things
  3 fauns
  A salamander (D:15)
  7 elephants
  4 black mambas
  4 merfolk sirens
  A centaur zombie (D:13)
  2 water nymphs
  2 rime drakes
  6 spiny frogs
  9 komodo dragons
  4 trolls
  A queen bee (Lair:4)
  9 merfolk
  2 polar bears
  2 meliai (Lair:4)
  4 slime creatures
  2 wind drakes
  4 hornets
  2 blink frogs (Lair:3)
  A snapping turtle (Shoals:2)
  13 dream sheep
  6 hippogriffs
  2 meliai zombies
  A raiju (Lair:1)
  3 wraiths
  A shadow (D:12)
  4 spriggans (Lair:6)
  4 water elementals
  A basilisk (D:14)
  41 yaks
  A tarantella (shapeshifter) (D:12)
  5 wyverns
  2 fire elementals (D:15)
  6 vampire mosquitoes
  6 water moccasins
  A warg (Orc:2)
  2 soldier ants
  A naga (Lair:4)
  7 porcupines
  13 orc warriors
  2 ice beasts
  A sky beast (D:12)
  An eye of draining (D:15)
  17 wolves
  14 ogres
  8 centaurs
  A big kobold (D:14)
  7 crocodiles
  9 bullfrogs
  A scorpion (D:10)
  32 killer bees
  11 wights
  An electric eel (D:15)
  3 crimson imps
  4 hounds (D:10)
  3 jellies
  A quasit (D:14)
  7 orc priests (Orc:2)
  9 orc wizards
  An iron imp (D:9)
  5 worker ants
  An adder (D:11)
  A shadow imp (D:10)
  A leopard gecko (D:11)
  29 orcs
  A kobold (D:14)
  A leopard gecko zombie (D:9)
  5 bushes
  30 fungi
  55 plants
  4 tentacles
518 creatures vanquished.

Vanquished Creatures (others)
  An orc warlord (Orc:2)
  4 orc knights
  22 orc priests
  4 orc sorcerers
  2 cyclopes
  A faun (Shoals:2)
  16 orc warriors
  An ogre (D:6)
  3 wolves (IceCv)
  7 centaurs
  A bullfrog (D:13)
  A killer bee (D:10)
  8 orc wizards
  53 orcs
  7 fungi
  3 plants
  7 tentacles
  14 toadstools (D:2)
155 creatures vanquished.

Grand Total: 1212 creatures vanquished

Notes
Turn   | Place    | Note
-------+----------+-------------------------------------------
     0 | D:1      | Multipenetrator the Hill Orc Monk began the quest for the Orb.
     0 | D:1      | Reached XP level 1. HP: 22/22 MP: 1/1
   316 | D:1      | Reached skill level 5 in Fighting
   391 | D:1      | Reached XP level 2. HP: 27/29 MP: 2/2
   810 | D:2      | Found a runed door.
   810 | D:2      | Noticed a human
   874 | D:2      | Reached XP level 3. HP: 29/36 MP: 3/3
   889 | D:2      | Found a basalt altar of Yredelemnul.
   922 | D:2      | Killed a human
   922 | D:2      | Reached XP level 4. HP: 13/44 MP: 4/4
   922 | D:2      | Reached XP level 5. HP: 14/50 MP: 5/5
  1314 | D:3      | Noticed an orc warrior
  1325 | D:3      | Found a glowing drain.
  1389 | D:3      | Found an iron altar of Okawaru.
  1770 | D:4      | Reached XP level 6. HP: 49/57 MP: 6/6
  1957 | Sewer    | Entered a sewer
  2348 | D:3      | Reached XP level 7. HP: 19/64 MP: 7/7
  2825 | D:2      | Found a white marble altar of Elyvilon.
  2842 | D:2      | Found a blossoming altar of Fedhas.
  2859 | D:2      | Noticed an oklob plant
  2961 | D:2      | Reached skill level 5 in Polearms
  3015 | D:2      | Found a faded altar of an unknown god.
  3509 | D:3      | Reached skill level 5 in Armour
  4014 | D:4      | Reached XP level 8. HP: 71/71 MP: 8/8
  4027 | D:4      | Got a shadowed robe
  4130 | D:4      | Noticed Grinder
  4155 | D:4      | Killed Grinder
  4583 | D:5      | Entered Level 5 of the Dungeon
  4629 | D:5      | Found a staircase to the Ecumenical Temple.
  4855 | D:5      | Identified the +1 robe of Fun {+Blink Dex+3} (You found it on level 4 of the Dungeon)
  4975 | D:5      | HP: 1/71 [ogre/giant club (19)]
  5324 | Temple   | Entered the Ecumenical Temple
  5479 | D:6      | Found a hide-covered altar of Uskayaw.
  5482 | D:6      | Found a shadowy altar of Dithmenos.
  5544 | D:6      | Reached XP level 9. HP: 73/78 MP: 9/9
  5552 | D:6      | Noticed kaze's ghost (novice KoWr)
  5642 | D:6      | Killed kaze's ghost
  5983 | D:6      | Became a worshipper of Beogh the Brigand
  5983 | D:6      | Reached * piety under Beogh
  5983 | D:6      | Reached ** piety under Beogh
  6023 | D:6      | Gained mutation: You have sharp fingernails. [mutagenic meat]
  6024 | D:6      | Gained mutation: You expend magic power (3 MP) to strengthen your wands. [mutagenic meat]
  6025 | D:6      | Gained mutation: You tend to lose your temper in combat. [mutagenic meat]
  6026 | D:6      | Gained mutation: You are partially covered in large bone plates. (SH +4) [mutagenic meat]
  6395 | D:6      | Reached skill level 1 in Invocations
  6499 | D:6      | Reached skill level 1 in Evocations
  6742 | D:7      | Reached XP level 10. HP: 42/88 MP: 12/12
  6763 | D:7      | Reached skill level 1 in Shields
  6774 | D:7      | Reached skill level 10 in Polearms
  7194 | D:7      | Noticed Joseph
  7223 | D:7      | Killed Joseph
  7586 | D:8      | Found an ancient bone altar of Kikubaaqudgha.
  7623 | D:8      | Reached *** piety under Beogh
  7708 | D:8      | Reached skill level 5 in Shields
  7852 | D:8      | Found an ornate altar of the Wu Jian Council.
  7998 | D:8      | Noticed a two-headed ogre
  8061 | D:8      | Found a burning altar of Makhleb.
  8065 | D:8      | Found a bloodstained altar of Trog.
  8232 | D:8      | Reached skill level 5 in Invocations
  8240 | D:8      | Gained mutation: You evolve. [mutagenic meat]
  8365 | D:8      | Found a deep blue altar of Sif Muna.
  8492 | D:9      | Gained mutation: Your muscles are strong. (Str +2) [evolution]
  8533 | D:9      | Found a hazy altar of Hepliaklqana.
  8534 | D:9      | Found a shimmering altar of Xom.
  8713 | D:10     | Entered Level 10 of the Dungeon
  8999 | D:9      | Noticed a spectral ugly thing
  9369 | D:9      | Reached **** piety under Beogh
  9369 | D:9      | Reached XP level 11. HP: 61/95 MP: 15/15
  9508 | D:9      | Noticed an eight-headed hydra
 10371 | D:9      | Found a snail-covered altar of Cheibriados.
 10474 | D:10     | Gained Arkwar as an ally
 10573 | D:10     | Found a staircase to the Lair.
 10667 | D:11     | Noticed a two-headed ogre
 10675 | D:11     | Killed a two-headed ogre
 10713 | D:11     | Noticed a four-headed hydra
 10725 | D:11     | Killed a four-headed hydra
 10725 | D:11     | Reached skill level 10 in Armour
 11186 | D:12     | Noticed Maurice
 11286 | D:12     | Noticed a red ugly thing
 11295 | D:12     | Killed a red ugly thing
 11338 | D:12     | Killed Maurice
 11412 | D:12     | Gained mutation: You are frail. (-10% HP) [mutagenic meat]
 11414 | D:12     | Gained mutation: You do not regenerate when monsters are visible. [mutagenic meat]
 11418 | D:12     | Lost mutation: You evolve. [mutagenic meat]
 11458 | D:12     | Noticed Snorg
 11468 | D:12     | Killed Snorg
 11473 | D:12     | Found a staircase to the Orcish Mines.
 11628 | D:12     | Noticed a two-headed ogre
 11640 | D:12     | Killed a two-headed ogre
 11640 | D:12     | Reached XP level 12. HP: 93/93 MP: 18/18
 12125 | D:13     | Your ally Arkwar died
 12336 | D:13     | Gained Horkud as an ally
 12418 | D:13     | Found Doostibbi's Weapon Shop.
 12442 | D:13     | Noticed an eight-headed hydra
 12450 | D:13     | Killed an eight-headed hydra
 12681 | D:13     | Found Qiusenai's Antique Weapon Emporium.
 12741 | D:13     | Reached ***** piety under Beogh
 12901 | D:13     | Found Gisarykid's Magic Scroll Boutique.
 12926 | D:13     | Bought a scroll of identify for 32 gold pieces
 12926 | D:13     | Bought a scroll of identify for 32 gold pieces
 12926 | D:13     | Bought a scroll of identify for 32 gold pieces
 12926 | D:13     | Bought a scroll of identify for 32 gold pieces
 12926 | D:13     | Bought a scroll of identify for 32 gold pieces
 13517 | D:14     | Reached skill level 10 in Fighting
 13528 | D:14     | Identified a scroll of acquirement
 13936 | D:14     | Noticed a two-headed ogre
 13943 | D:14     | Killed a two-headed ogre
 14022 | D:14     | Noticed a two-headed ogre
 14029 | D:14     | Killed a two-headed ogre
 14029 | D:14     | Reached skill level 10 in Invocations
 14103 | D:15     | Entered Level 15 of the Dungeon
 14104 | D:15     | Noticed a two-headed ogre
 14205 | D:15     | Noticed a centaur warrior
 14233 | D:15     | Killed a centaur warrior
 14691 | D:15     | Reached XP level 13. HP: 102/102 MP: 20/20
 14739 | D:15     | Found a snail-covered altar of Cheibriados.
 15174 | D:15     | Got a smoking trident
 15177 | D:15     | Identified the cursed +0 trident of the Middle {vamp, Int+5 Dex-4} (You found it on level 15 of the Dungeon)
 15422 | D:15     | Noticed Azrael
 15460 | D:15     | Killed Azrael
 15666 | D:15     | Noticed a dire elephant
 15691 | D:15     | Killed a dire elephant
 16039 | D:15     | Gained mutation: You are agile. (Dex +2) [mutagenic meat]
 16171 | D:15     | Found Poeseuc's Antique Armour Emporium.
 16179 | D:15     | Bought a pair of runed boots for 292 gold pieces
 16179 | D:15     | Bought a shiny buckler for 292 gold pieces
 16184 | D:15     | Identified a +0 pair of boots of running (You bought it in a shop on level 15 of the Dungeon)
 16351 | D:15     | Found a staircase to the Depths.
 16454 | Orc:1    | Entered Level 1 of the Orcish Mines
 16454 | Orc:1    | Found a roughly hewn altar of Beogh.
 16454 | Orc:1    | Noticed a stone giant
 16598 | Orc:1    | Killed a stone giant
 16965 | Orc:2    | Entered Level 2 of the Orcish Mines
 17065 | Orc:2    | Reached ****** piety under Beogh
 17112 | Orc:2    | Killed Erolcha
 17424 | Orc:2    | Noticed an orc warlord
 17426 | Orc:2    | Found a roughly hewn altar of Beogh.
 17476 | Orc:2    | Found Cukhlydaed's Antique Armour Boutique.
 17914 | Orc:2    | Found Sitruduq's Antique Armour Shoppe.
 18065 | Orc:2    | Noticed Donald
 18077 | Orc:2    | Killed Donald
 18270 | Orc:2    | Found a roughly hewn altar of Beogh.
 18270 | Orc:2    | Noticed an orc warlord
 18307 | Orc:2    | Gained Murdo as an ally
 18357 | Orc:2    | Found Wuzeylu's Antique Weapon Boutique.
 18361 | Orc:2    | Bought a crude trident for 221 gold pieces
 18366 | Orc:2    | Identified the +7 trident "Giant's Death" {drain, Int+4} (You bought it in a shop on level 2 of the Orcish Mines)
 18374 | Orc:2    | Found Haenkek's Antique Armour Shop.
 18539 | Orc:2    | Reached XP level 14. HP: 102/112 MP: 22/22
 18555 | Orc:2    | Found a staircase to the Elven Halls.
 18825 | Orc:2    | Gained Ogrik as an ally
 19081 | Lair:1   | Entered Level 1 of the Lair of Beasts
 19810 | Lair:1   | Upgraded the game from 0.20-a0-958-g783e32d to 0.20-a0-972-gb9bd3e6
 21054 | Lair:3   | Found a staircase to the Shoals.
 21087 | Lair:3   | Found a frozen archway.
 21154 | IceCv    | Entered an ice cave
 21552 | IceCv    | Reached skill level 10 in Shields
 22173 | IceCv    | Noticed a frost giant
 22192 | IceCv    | Killed a frost giant
 22192 | IceCv    | Reached skill level 1 in Staves
 23050 | Lair:3   | Reached skill level 1 in Long Blades
 23324 | Lair:3   | Gained Zorug as an ally
 23743 | Lair:4   | Gained Beowulf as an ally
 23956 | Lair:4   | Found a staircase to the Snake Pit.
 23956 | Lair:4   | Noticed Josephine
 23963 | Lair:4   | Killed Josephine
 23999 | Lair:4   | Reached XP level 15. HP: 109/120 MP: 24/24
 24433 | Lair:5   | Lost mutation: You expend magic power (3 MP) to strengthen your wands. [potion of mutation]
 24433 | Lair:5   | Lost mutation: You are agile. (Dex +2) [potion of mutation]
 24433 | Lair:5   | Lost mutation: Your muscles are strong. (Str +2) [potion of mutation]
 24433 | Lair:5   | Lost mutation: You are frail. (-10% HP) [potion of mutation]
 24433 | Lair:5   | Lost mutation: You tend to lose your temper in combat. [potion of mutation]
 24433 | Lair:5   | Lost mutation: You do not regenerate when monsters are visible. [potion of mutation]
 24433 | Lair:5   | Gained mutation: You are weak. (Str -2) [potion of mutation]
 24433 | Lair:5   | Gained mutation: You are agile. (Dex +2) [potion of mutation]
 25027 | Lair:6   | Entered Level 6 of the Lair of Beasts
 25296 | Lair:6   | Gained Argrim as an ally
 25383 | Lair:6   | Gained Nordag as an ally
 25560 | Lair:6   | Your ally Argrim died
 25675 | Lair:6   | Found a staircase to the Slime Pits.
 25966 | Lair:6   | Reached skill level 15 in Polearms
 26356 | Shoals:1 | Entered Level 1 of the Shoals
 26367 | Shoals:1 | Gained Rocco as an ally
 26468 | Shoals:1 | Noticed a kraken
 26480 | Shoals:1 | Killed a kraken
 26572 | Shoals:1 | Gained Spirok as an ally
 26853 | Shoals:1 | Your ally Rocco died
 26909 | Shoals:1 | Noticed Roxanne
 26921 | Shoals:1 | Killed Roxanne
 27542 | Shoals:2 | Reached XP level 16. HP: 90/144 MP: 25/25
 27560 | Shoals:2 | Noticed Frances
 27569 | Shoals:2 | Killed Frances
 27576 | Shoals:2 | Gained Brandogh as an ally
 28241 | Shoals:2 | Noticed a kraken
 28255 | Shoals:2 | Killed a kraken
 28255 | Shoals:2 | Reached skill level 15 in Shields
 29139 | Shoals:4 | Entered Level 4 of the Shoals
 29153 | Shoals:4 | Noticed Ilsuiw
 29213 | Shoals:4 | Killed Ilsuiw
 29340 | Shoals:4 | Killed from afar by a merfolk aquamancer

Vault maps used:
D:1:      roderic_dead_forest
D:2:      lemuel_crystal_altar, tgw_fedhas, chequers_ecumenical_altar_twisty,
          dk_yredelemnul_ordeal
D:3:      cheibrodos_thug_alley, okawaru_gym_becter, portal_sewer_entry_a
D:4:      grunt_ministairs_3, kennysheep_generic_room_13, uniq_grinder
D:5:      minmay_temple_entry_crystal_x, first_bread
D:6:      chequers_temple_overflow_statue_of_worship, minmay_strange_pillars
D:7:      uniq_joseph
D:8:      cheibrodos_two_vegetables, lemuel_crystal_altar, minitemple,
          led_sif_pool, basic_altar, st_stairs_6
D:9:      regret_index_temple_of_mockery, slow_altar_2, serial_undead,
          serial_undead_f, serial_undead_f, serial_undead_e, serial_undead_d
D:10:     erik_lair_island, hangedman_fish_farm
D:12:     orc_0_dummy, uniq_maurice, uniq_snorg
D:13:     serial_shops, kennysheep_mini_moat, shop, shop
D:14:     grunt_vaults_entry_tiered, abandoned_shop
D:15:     hangedman_depths_entry_try_elsewhere_first, serial_column_ruins,
          column_ruins_temple_circle, column_ruins_square_large,
          column_ruins_columns_straight, column_ruins_columns_straight,
          column_ruins_grid_3, column_ruins_grid_1,
          column_ruins_corridor_straight, column_ruins_open_small, serial_shops,
          shop, fountainhead, uniq_azrael
Temple:   compressed_dpeg_circular_temple
Lair:1:   grunt_forest_large_clearing_hut, serial_bayou_shore_b
Lair:2:   beast_lair_carwin_3
Lair:3:   minmay_shoals_entry_centaurs, portal_ice_cave_entry_pillars_2
Lair:4:   guppyfry_snake_entry_garden, minivault_27, infiniplex_staircase_pool,
          uniq_josephine
Lair:6:   minmay_lair_end_enchanted_forest, minmay_slime_entry_pillars
Shoals:1: uniq_roxanne
Shoals:2: nicolae_shoals_island_circles, uniq_frances
Shoals:4: shoals_end_simple, shoals_ilsuiw_ice, lemuel_centaur_altar
Orc:1:    basic_altar, statue_in_the_mist_lemuel
Orc:2:    pubby_orc_utopia, serial_shops, uniq_erolcha, uniq_donald
Sewer:    sewer_the_crocodile
IceCv:    ice_cave_caverns_03

Skill      XL: |  1  2  3  4  5  6  7  8  9 10 11 12 13 14 15 16 |
---------------+-------------------------------------------------+-----
Fighting       | 5 6 7 8 9 10 11 12 13 | 13.8
Polearms       | 2 3 4 6 8 9 10 11 13 14 15 | 15.5
Armour         | 2 3 4 5 6 8 9 10 11 12 13 14 | 14.2
Invocations    | 3 5 8 10 11 12 | 12.9
Evocations     | 1 2 |  2.6
Shields        | 5 7 8 12 14 15 | 15.0
Staves         | 1 |  1.3
Long Blades    | 2 |  2.1
Throwing       | |  0.3
Dodging        | |  3.9
Stealth        | |  3.2

Action                   |  1- 3 |  4- 6 |  7- 9 | 10-12 | 13-15 | 16-18 || total
-------------------------+-------+-------+-------+-------+-------+-------++-------
Melee: Club              |    20 |       |       |       |       |       ||    20
       Unarmed           |    19 |       |       |       |       |       ||    19
       Spear             |    59 |   134 |       |       |       |       ||   193
       Short sword       |    16 |       |    47 |       |       |       ||    63
       Trident           |       |    54 |   530 |   860 |  1053 |   177 ||  2674
       Scimitar          |       |       |    15 |       |       |       ||    15
       Staff             |       |       |       |     1 |   159 |       ||   160
       Double sword      |       |       |       |       |    34 |       ||    34
Throw: Javelin           |       |       |     2 |     2 |       |       ||     4
       Throwing net      |       |       |       |     1 |     1 |       ||     2
Invok: Convert to Beogh  |       |       |     1 |       |       |       ||     1
       Smiting           |       |       |       |    12 |     8 |     4 ||    24
       Recall Orcish Fol |       |       |       |    10 |    61 |    12 ||    83
       Give Item to Name |       |       |       |     1 |     1 |       ||     2
       Resurrection      |       |       |       |       |     2 |       ||     2
Evoke: Wand              |       |       |    10 |    19 |     3 |     2 ||    34
       Phial of floods   |       |       |       |       |     1 |       ||     1
  Use: Potion            |       |     1 |     2 |     2 |     6 |     3 ||    14
       Scroll            |       |       |     8 |    28 |     9 |       ||    45
 Stab: Distracted        |     1 |       |       |     2 |     8 |       ||    11
       Invisible         |       |     1 |       |       |       |       ||     1
       Confused          |       |       |       |     3 |       |       ||     3
       Held in net/web   |       |       |       |     1 |       |       ||     1
  Eat: Chunk             |       |     1 |    14 |    34 |    25 |     5 ||    79
       Bread ration      |       |     1 |       |       |     4 |       ||     5
       Royal jelly       |       |       |     2 |       |       |       ||     2
       Fruit             |       |       |       |     1 |       |       ||     1
       Meat ration       |       |       |       |       |     1 |       ||     1
Armor: Leather armour    |    14 |       |       |       |       |       ||    14
       Robe              |     7 |       |       |       |       |       ||     7
       Plate armour      |    40 |   173 |   414 |   392 |   433 |    70 ||  1522
Dodge: Dodged            |    74 |    87 |   191 |   250 |   320 |    43 ||   965
Block: Buckler           |       |       |    23 |   433 |   130 |       ||   586
       Other             |       |       |     2 |       |       |       ||     2
       Reflection        |       |       |       |    28 |    22 |    18 ||    68
       Shield            |       |       |       |       |   857 |   141 ||   998
       Rpst.: Scimitar   |       |       |     1 |       |       |       ||     1
       Double sword      |       |       |       |       |     3 |       ||     3
